 Dungeon Crawl Stone Soup version 0.27.1-34-g3ba077fa99 (webtiles) character file.

Game seed: 17365659833954999402

72 Lutefisk the Firebug (level 4, 0/41 HPs)
             Began as an Ogre Fire Elementalist on Jan 15, 2022.
             Slain by an orc (5 damage)
             ... on level 3 of the Dungeon.
             The game lasted 00:08:01 (899 turns).

Lutefisk the Firebug (Ogre Fire Elementalist)        Turns: 899, Time: 00:08:02

Health: 0/41       AC:  3    Str: 12    XL:     4   Next: 25%
Magic:  6/8        EV: 10    Int: 17    God:
Gold:   76         SH:  0    Dex:  9    Spells: 4/8 levels left

rFire    . . .     SeeInvis .   k - +2 dagger (venom)
rCold    . . .     Faith    .   (no shield)
rNeg     . . .     Spirit   .   a - +0 robe
rPois    .         Reflect  .   (helmet restricted)
rElec    .         Harm     .   (no cloak)
rCorr    .         Rampage  .   (gloves unavailable)
Will     .....                  (boots unavailable)
Stlth    ++........             (no amulet)
HPRegen  0.13/turn              (no ring)
MPRegen  0.11/turn              (no ring)

@: very slightly contaminated
A: large, unfitting armour, tough skin 1
a: no special abilities


You were on level 3 of the Dungeon.
You visited 1 branch of the dungeon, and saw 3 of its levels.

You collected 76 gold pieces.

Inventory:

Hand Weapons
 k - a +2 dagger of venom (weapon)
Missiles
 l - 7 poisoned darts (quivered)
Armour
 a - a +0 robe (worn)
Magical Staves
 i - a staff of conjuration
Scrolls
 d - 3 scrolls of fear {unknown}
 e - 2 scrolls of immolation {unknown}
 f - a scroll of amnesia {unknown}
 g - a scroll of identify {unknown}
 h - a scroll of blinking {unknown}
 j - a scroll of enchant armour {unknown}
Potions
 b - a potion of invisibility


   Skills:
 * Level 1.6 Fighting
 + Level 2.1 Dodging
 + Level 1.7 Stealth
 + Level 2.9 Spellcasting
 + Level 1.2 Conjurations
 + Level 3.5 Fire Magic


You had 4 spell levels left.
You knew the following spells:

 Your Spells              Type           Power      Damage    Failure   Level
a - Foxfire               Conj/Fire      40%        2x1d6     7%          1
b - Conjure Flame         Conj/Fire      10%        6-21      21%         3

Your spell library contained the following spells:

 Spells                   Type           Power      Damage    Failure   Level
 Inner Flame              Hex/Fire       8%         N/A       26%         3
 Sticky Flame             Conj/Fire      10%        2d3       54%         4
 Fireball                 Conj/Fire      5%         3d5       88%         5


Dungeon Overview and Level Annotations

Branches:
Dungeon (3/15)

Altars:
Zin


Innate Abilities, Weirdness & Mutations

You are too large for most types of armour.
You have tough skin. (AC +1)


Message History

The adder bites you.
You see here a jackal corpse.
You hit the adder but do no damage.
The adder looks as sick as possible!
The adder is heavily wounded.
The adder bites you.
* * * LOW HITPOINT WARNING * * *
You are poisoned.
The adder poisons you! The adder barely misses you.
The orc complains noisily.
* * * LOW HITPOINT WARNING * * *
You feel sick.
You feel sick.
You see here a jackal corpse.
Casting: Foxfire (safe; 7% risk of failure)
Confirm with . or Enter, or press ? or * to list all spells.
You conjure some foxfire!
You feel sick. The adder closely misses you. The adder barely misses you.
You feel sick.
You kill the adder!
The foxfire hits the orc.
The orc is heavily wounded.
The foxfire hits the orc.
The orc is heavily wounded.
You feel sick.
You feel sick.
You feel sick.
You are no longer poisoned.
Press: ? - help, v - describe, . - travel
Here: an orc, wielding a +0 whip (heavily wounded)
The floor.
You see here a hobgoblin corpse.
Casting: Foxfire (safe; 7% risk of failure)
Confirm with . or Enter, or press ? or * to list all spells.
You miscast Foxfire.
You are very lightly contaminated with residual magic.
Nothing appears to happen.
The orc hits you but does no damage.
Casting: Foxfire (safe; 7% risk of failure)
Confirm with . or Enter, or press ? or * to list all spells.
You conjure some foxfire!
The orc hits you with a +0 whip.
You die...

##.....###
##.......##
#.........#
#...).....#
.###......>..#
.............#
####....[....#
##.v.......#
###...@......#
#.....ov.....#
...##.........#
.####......<..#
.............##
#....##.....##
!...####..##.....##
...#####....†....#
.................#


You could see an orc (ally target).

Vanquished Creatures
  2 adders
  A worm (D:2)
  5 orcs
  4 bats
  A giant cockroach (D:3)
  6 goblins
  3 hobgoblins
  6 jackals
  2 kobolds
  4 quokkas
  6 ball pythons
  5 rats
45 creatures vanquished.

Vanquished Creatures (others)
  86 foxfires
86 creatures vanquished.

Grand Total: 131 creatures vanquished

Notes
Turn   | Place    | Note
-------+----------+-------------------------------------------
     0 | D:1      | Lutefisk the Ogre Fire Elementalist began the quest for the
                  | Orb.
     0 | D:1      | Reached XP level 1. HP: 16/16 MP: 3/3
   123 | D:1      | Reached skill level 3 in Fire Magic
   129 | D:1      | Reached XP level 2. HP: 5/24 MP: 0/5
   184 | D:1      | Reached skill level 1 in Conjurations
   340 | D:2      | Reached skill level 1 in Fighting
   492 | D:3      | Reached XP level 3. HP: 33/33 MP: 6/6
   741 | D:2      | Found a glowing silver altar of Zin.
   797 | D:3      | Learned a level 3 spell: Conjure Flame
   823 | D:3      | Reached XP level 4. HP: 14/41 MP: 3/8
   874 | D:3      | HP: 2/41 [poisoned by an adder]
   899 | D:3      | Slain by an orc

Illustrated notes

Levels and vault maps discovered:
D:1:      lemuel_arrival_hallway, layout_loops_ring,
          dreamdust_ecumenical_altar_hidden_monk_grotto
D:2:      layout_loops_ring, basic_altar
D:3:      layout_rooms

Skill      XL: |  1  2  3 |
---------------+----------+-----
Fire Magic     | 3 |  3.5
Conjurations   | 1 |  1.2
Fighting       | 1 |  1.6
Dodging        | 2 |  2.1
Stealth        | |  1.7
Spellcasting   | |  2.9

Action                   |  1- 3 |  4- 6 || total
-------------------------+-------+-------++-------
Melee: Mace              |    32 |       ||    32
       Dagger            |       |    12 ||    12
 Cast: Foxfire           |    49 |     2 ||    51
  Use: Potion            |     2 |     1 ||     3
 Stab: Sleeping          |     1 |       ||     1
Armor: Robe              |    24 |     9 ||    33
Dodge: Dodged            |    26 |    13 ||    39
